 Dungeon Crawl Stone Soup version 0.26.1-2-gb8aa6d0cf2 (webtiles) character file.

Game seed: 6790137403250433430

305 windgrace the Gusty (level 6, 0/35 HPs)
             Began as a Tengu Air Elementalist on Feb 11, 2021.
             Was a Follower of Fedhas.
             Slain by a howler monkey skeleton (3 damage)
             ... on level 4 of the Dungeon.
             The game lasted 00:23:05 (5055 turns).

windgrace the Gusty (Tengu Air Elementalist)        Turns: 5055, Time: 00:23:05

Health: 0/35       AC: -2    Str:  9    XL:     6   Next: 39%
Magic:  2/12       EV: 12    Int: 17    God:    Fedhas [*.....]
Gold:   146        SH:  0    Dex: 14    Spells: 0/11 levels left

rFire    . . .     SeeInvis .   n - +2 quarterstaff (chaos)
rCold    . . .     Faith    .   (shield currently unavailable)
rNeg     . . .     Spirit   .   f - +0 robe
rPois    .         Reflect  .   (helmet restricted)
rElec    .         Harm     .   (no cloak)
rCorr    .         Rampage  .   (no gloves)
Will     .....     Rnd*Rage +   (boots unavailable)
Stlth    ++........             b - amulet of the acrobat (curse)
HPRegen  0.11/turn              h - -4 ring of protection (curse)
MPRegen  0.13/turn              (no ring)

@: no status effects
A: beak, talons 3, berserk 1, blurry vision 1, robust 1, able to fly
a: Fly, Renounce Religion


You were on level 4 of the Dungeon.
You worshipped Fedhas.
Fedhas was aware of your devotion.
You visited 1 branch of the dungeon, and saw 4 of its levels.

You collected 146 gold pieces.

Inventory:

Hand Weapons
 e - a +0 whip
 n - a +2 quarterstaff of chaos (weapon)
 q - a +2 mace of protection
 r - a +0 battleaxe of venom
Armour
 a - a +0 robe
 f - a +0 robe (worn)
Jewellery
 b - a cursed amulet of the acrobat (around neck)
 h - a cursed -4 ring of protection (left hand)
Wands
 k - a wand of acid (8)
 l - a wand of enslavement (6)
 m - a wand of flame (5)
Scrolls
 o - a scroll of teleportation
 p - 2 scrolls of identify
Potions
 c - 3 potions of mutation
 d - a potion of haste {unknown}
 g - a potion of heal wounds
 i - a potion of attraction {unknown}
 j - a potion of flight {unknown}


   Skills:
 - Level 1.0 Staves
 - Level 2.2 Dodging
 + Level 3.8 Stealth
 + Level 3.3 Spellcasting
 + Level 4.1 Conjurations
 + Level 5.6 Air Magic
 + Level 0.0 Invocations


You couldn't memorise any spells.
You knew the following spells:

 Your Spells              Type           Power        Failure   Level
a - Shock                 Conj/Air       76%          2%          1
b - Swiftness             Air            22%          2%          2
c - Static Discharge      Conj/Air       19%          7%          3
d - Lightning Bolt        Conj/Air       9%           54%         5

Your spell library contained the following spells:

 Spells                   Type           Power        Failure   Level
 Airstrike                Air            11%          16%         4


Dungeon Overview and Level Annotations

Branches:
Dungeon (4/15)
 Temple: D:4-7

Altars:
Fedhas


Innate Abilities, Weirdness & Mutations

You have a beak for a mouth.
You have claws for feet.
You can fly continuously.
You tend to lose your temper in combat.
Scrolls take you a little longer to read.
You are robust. (+10% HP)


Message History

Confirm with . or Enter, or press ? or * to list all spells.
The howler monkey skeleton is struck by an arc of lightning.
The howler monkey skeleton is heavily damaged.
You are struck by an arc of lightning.
The lightning grounds out.
The howler monkey skeleton barely misses you.
The phantom hits you!
* * * LOW HITPOINT WARNING * * *
The phantom blinks!
You see here 19 poisoned darts.
The phantom blinks!
Aiming: Shock (safe; 2% risk of failure)
Press: ? - help, Q - select action, (/) - cycle Shift-Dir - straight line, f - phantom, p - howler monkey skeleton
Aim: a phantom (severely damaged, strong, unusually agile, 57% to evade)
The zap hits the howler monkey skeleton!
The howler monkey skeleton is almost destroyed.
The zap hits the phantom.
The phantom is almost destroyed.
The howler monkey skeleton hits you.
You die...
Fedhas appreciates your contribution to the ecosystem.

#...# #.#.#
.# #.#†## (#
#.#§.# .#
#.##.##.# #.
#W.#.# #.
##(#.# # #.
#Z#.#.#
#.@.#.####
##....[...
#.>#.####
#####.#.#####
#............
#.###.#.###..
#.#.# #.# #
#.#


You could see a phantom (strong, agile) and a howler monkey skeleton.

Vanquished Creatures
  An orc priest (D:3)
  Crazy Yiuf (D:2)
  Natasha (thrice) (D:2)
  A worker ant (D:3)
  2 adders (D:3)
  4 oozes
  4 worms
  4 dart slugs
  2 leopard geckos (D:2)
  2 orcs (D:3)
  3 ball pythons
  11 bats
  2 giant cockroaches (D:1)
  11 goblins
  7 hobgoblins
  10 jackals
  A quokka (D:3)
  6 frilled lizards
  11 kobolds
  9 rats
95 creatures vanquished.

Notes
Turn   | Place    | Note
-------+----------+-------------------------------------------
     0 | D:1      | windgrace the Tengu Air Elementalist began the quest for
                  | the Orb.
     0 | D:1      | Reached XP level 1. HP: 10/10 MP: 4/4
   263 | D:1      | Reached XP level 2. HP: 15/15 MP: 0/6
   266 | D:1      | Learned a level 2 spell: Swiftness
   561 | D:1      | Reached XP level 3. HP: 18/19 MP: 1/7
   565 | D:1      | Learned a level 3 spell: Static Discharge
  1812 | D:2      | Reached XP level 4. HP: 20/24 MP: 1/8
  2342 | D:2      | Noticed Natasha
  2348 | D:2      | Killed Natasha
  2349 | D:2      | Reached skill level 5 in Air Magic
  2499 | D:2      | Found a blossoming altar of Fedhas.
  2526 | D:2      | Became a worshipper of Fedhas Madash
  2752 | D:2      | Gained mutation: You can fly continuously. [Tengu growth]
  2752 | D:2      | Reached XP level 5. HP: 28/28 MP: 4/10
  3037 | D:2      | Found a runed translucent door.
  3038 | D:2      | Noticed Crazy Yiuf
  3144 | D:2      | Noticed Natasha
  3150 | D:2      | Killed Natasha
  3253 | D:2      | Noticed Natasha
  3257 | D:2      | Killed Natasha
  3707 | D:2      | Gained mutation: Scrolls take you a little longer to read.
                  | [potion of mutation]
  3707 | D:2      | Gained mutation: You tend to lose your temper in combat.
                  | [potion of mutation]
  3707 | D:2      | Gained mutation: You are robust. (+10% HP) [potion of
                  | mutation]
  3730 | D:2      | Killed Crazy Yiuf
  4410 | D:3      | Reached XP level 6. HP: 35/35 MP: 7/11
  4415 | D:3      | Reached skill level 1 in Staves
  4621 | D:3      | Reached * piety under Fedhas
  4628 | D:3      | Learned a level 5 spell: Lightning Bolt
  5031 | D:4      | Noticed a phantom
  5055 | D:4      | Slain by a howler monkey skeleton

Illustrated notes

Levels and vault maps discovered:
D:1:      shiori_arrival_maze, layout_loops_ring, minmay_distorted
D:2:      layout_loops_ring, fedhas_altar_1, uniq_natasha,
          uniq_crazy_yiuf_cottage
D:3:      layout_loops_cross, grunt_ministairs_6, minmay_misc_feat_diagonals,
          hex_tiny
D:4:      layout_basic, serial_shops, nicolae_shop_crystal, enter_ossuary_1

Skill      XL: |  1  2  3  4  5  6 |
---------------+-------------------+-----
Conjurations   | 2 3 4 |  4.1
Stealth        | 3 |  3.8
Air Magic      | 5 |  5.6
Spellcasting   | 3 |  3.3
Staves         | 1 |  1.0
Dodging        | |  2.2

Action                   |  1- 3 |  4- 6 || total
-------------------------+-------+-------++-------
Melee: Unarmed           |    13 |       ||    13
       Peck              |     2 |     3 ||     5
       Kick              |     4 |     2 ||     6
       Whip              |     7 |     9 ||    16
       Quarterstaff      |       |    19 ||    19
 Cast: Shock             |    72 |   111 ||   183
       Swiftness         |     1 |     1 ||     2
       Static Discharge  |     5 |    12 ||    17
  Use: Scroll            |       |     3 ||     3
       Potion            |       |     3 ||     3
 Stab: Sleeping          |     1 |       ||     1
Armor: Robe              |    15 |       ||    15
Dodge: Dodged            |    75 |    46 ||   121
